 Dungeon Crawl Stone Soup version 0.24-a0-778-g74da537585 (webtiles) character file.

Game seed: 6856633051651057111, levelgen mode: deterministic

88425 Johnny the Earth Mage (level 15, -6/116 HPs)
             Began as a Demigod Earth Elementalist on Oct 7, 2019.
             Shot with an arrow by a naga sharpshooter (26 damage)
             ... on level 1 of the Snake Pit.
             The game lasted 00:57:10 (32126 turns).

Johnny the Earth Mage (Demigod Earth Elementalist) Turns: 32126, Time: 00:57:10

Health: -6/116     AC: 11    Str: 11    XL:     15   Next: 6%
Magic:  25/35      EV: 20    Int: 41    God:
Gold:   218        SH:  0    Dex: 16    Spells: 20/37 levels left

rFire    . . .     SeeInvis .   K - +3 halberd of Distant Shores {vamp, rN+ Int+2} (curse)
rCold    . . .     Gourm    .   (shield currently unavailable)
rNeg     + . .     Faith    .   Y - +2 robe {rF+}
rPois    .         Spirit   .   O - +2 helmet
rElec    .         Reflect  .   Z - +1 cloak of the Constellations {*Contam rF- Regen+ Int+5}
rCorr    +         Harm     .   z - +1 pair of gloves of the Untouchables {rCorr}
MR       +....                  (no boots)
Stlth    ++........             x - amulet of rage
HPRegen  0.69/turn              y - +5 ring of intelligence
MPRegen  0.24/turn              F - ring of poison resistance

@: poison vulnerable
A: high mp 1
a: Evoke Berserk Rage


You were on level 1 of the Snake Pit.
You were full.

You visited 4 branches of the dungeon, and saw 24 of its levels.
You visited 1 bazaar.

You collected 2584 gold pieces.
You spent 2366 gold pieces at shops.

Inventory:

Hand Weapons
 K - the cursed +3 halberd of Distant Shores (weapon) {vamp, rN+ Int+2}
   (You found it on level 8 of the Dungeon)

   It inflicts no extra harm, but heals its wielder when it wounds a living foe.
   It affects your intelligence (+2).
   It protects you from negative energy.
   It has a curse placed upon it.
Missiles
 t - 30 stones (quivered)
Armour
 z - the +1 pair of gloves of the Untouchables (worn) {rCorr}
   (You acquired it on level 2 of the Orcish Mines)

   It provides partial protection from all sources of acid and corrosion.
 O - a +2 helmet (worn)
 Q - a +1 robe of cold resistance
 Y - a +2 robe of fire resistance (worn)
 Z - the +1 cloak of the Constellations (worn) {*Contam rF- Regen+ Int+5}
   (You found it on level 15 of the Dungeon)

   It affects your intelligence (+5).
   It makes you vulnerable to fire.
   It causes magical contamination when unequipped.
   It increases your rate of regeneration.
Jewellery
 a - a +3 ring of strength {unknown}
 h - an uncursed ring of protection from magic
 x - an amulet of rage (around neck)
 y - a +5 ring of intelligence (left hand)
 F - a ring of poison resistance (right hand)
 G - an uncursed ring of resist corrosion
 P - an uncursed ring of ice
Wands
 b - a wand of scattershot (8)
 l - a wand of flame (56)
 p - a wand of paralysis (9)
 U - a wand of polymorph (7)
 V - a wand of iceblast (15)
Scrolls
 c - 2 scrolls of fear
 e - 8 scrolls of teleportation
 g - 5 scrolls of fog
 j - a scroll of holy word {unknown}
 o - a scroll of noise
 r - 11 scrolls of remove curse
 u - 3 scrolls of blinking
 v - 2 scrolls of magic mapping
 A - 7 scrolls of enchant armour
 W - 2 scrolls of immolation
Potions
 f - 4 potions of might
 i - 3 potions of haste
 k - 5 potions of resistance
 m - 6 potions of brilliance
 n - 8 potions of curing
 q - 2 potions of cancellation
 s - 5 potions of magic
 B - 4 potions of lignification
 C - 5 potions of heal wounds
 D - 3 potions of flight
 E - 4 potions of invisibility
 J - a potion of agility
 L - 2 potions of ambrosia
 S - 3 potions of mutation
 T - 2 potions of berserk rage
Miscellaneous
 H - a lightning rod (4/4)
 R - a phial of floods (inert)
Comestibles
 d - 23 rations


   Skills:
 - Level 6.3 Fighting
 + Level 11.2 Dodging
 - Level 1.7 Stealth
 + Level 11.8 Spellcasting
 + Level 4.3 Necromancy
 - Level 0.8 Transmutations
 * Level 17.2 Earth Magic


You had 20 spell levels left.
You knew the following spells:

 Your Spells              Type           Power        Failure   Level  Hunger
a - Sandblast             Erth           ######       0%          1    None
b - Stone Arrow           Conj/Erth      ######       1%          3    None
c - Lee's Rapid Deconstr  Erth           ########..   1%          5    None
d - Petrify               Tmut/Erth      #######.     1%          4    None
e - Blink                 Tloc           N/A          1%          2    None
v - Sublimation of Blood  Necr           ######....   1%          2    None

Your spell library contained the following spells:

 Spells                   Type           Power        Failure   Level  Hunger
 Animate Skeleton         Necr           N/A          1%          1    None
 Apportation              Tloc           ###...       1%          1    None
 Beastly Appendage        Tmut           ####..       1%          1    None
 Confusing Touch          Hex            ###...       1%          1    None
 Corona                   Hex            ###....      1%          1    None
 Freeze                   Ice            ###.         1%          1    None
 Magic Dart               Conj           ###.         1%          1    None
 Summon Small Mammal      Summ           ###.         1%          1    None
 Call Imp                 Summ           ###.....     1%          2    None
 Corpse Rot               Necr           N/A          1%          2    None
 Passwall                 Tmut/Erth      #######.     1%          2    None
 Slow                     Hex            ###.....     1%          2    None
 Sticks to Snakes         Tmut           ####....     1%          2    None
 Throw Frost              Conj/Ice       ###...       1%          2    None
 Leda's Liquefaction      Hex/Erth       #######...   1%          4    None
 Spider Form              Tmut/Pois      ####......   3%          3    None
 Call Canine Familiar     Summ           ###.....     4%          3    None
 Conjure Flame            Conj/Fire      ###.....     4%          3    None
 Inner Flame              Hex/Fire       ###.....     4%          3    None
 Mephitic Cloud           Conj/Pois/Air  ###.....     4%          3    None
 Ozocubu's Armour         Chrm/Ice       ###.....     4%          3    None
 Portal Projectile        Hex/Tloc       ###...       4%          3    None
 Summon Guardian Golem    Hex/Summ       ###.....     4%          3    None
 Agony                    Necr           ######..     6%          5    None
 Dispel Undead            Necr           ######..     6%          5    None
 Ice Form                 Ice/Tmut       ####....     12%         4    None
 Cause Fear               Hex            ###.......   14%         4    None
 Summon Ice Beast         Ice/Summ       ###.....     14%         4    None
 Summon Lightning Spire   Summ/Air       ###.....     14%         4    None
 Throw Icicle             Conj/Ice       ###.....     14%         4    None
 Bolt of Draining         Conj/Necr      #####.....   16%         5    None
 Excruciating Wounds      Chrm/Necr      #####.....   16%         5    None
 Blade Hands              Tmut           ####......   26%         5    None
 Summon Forest            Summ/Tloc      ###.......   36%         5    None
 Hydra Form               Tmut           ####......   83%         6    ###....
 Summon Hydra             Summ           ###.......   100%        7    #####..


Dungeon Overview and Level Annotations

Branches:
Dungeon (15/15)            Temple (0/1) D:4            Lair (6/6) D:8
  Swamp (0/4) Lair:3        Snake (1/4) Lair:2        Slime (0/5) Lair:5
    Orc (2/2) D:11            Elf (0/3) Orc:2        Vaults (0/5) D:14
 Depths (0/5) D:15

Shops:
D:12 *   Orc:2 !?

Portals:
Trove: D:11 (show abyssal rune of Zot)


Innate Abilities, Weirdness & Mutations

You have an increased reservoir of magic. (+10% MP)


Message History

The naga sharpshooter shoots an arrow.
The arrow barely misses you.
Things that are here:
a poisoned dart; 3 arrows Unknown command.
Unknown command.
You feel sick.
Unknown command.
Unknown command.
You feel better.
The naga sharpshooter gestures wildly while chanting.
The naga sharpshooter magically shoots an arrow.
The arrow hits you!
* * * LOW HITPOINT WARNING * * *
Unknown command.
As you read the scroll of fear, it crumbles to dust.
You assume a fearsome visage.
The naga sharpshooter looks frightened!
The naga sharpshooter gestures wildly while chanting.
The naga sharpshooter magically shoots an arrow.
The arrow hits you!!
You die...

......$.S..#.N...!.........
...........#...#..N........
..#..........#..........._.
....N...#.........N...)....
........#.......N..........
........###......N.....#(..
..S............N....#.#.###
.......................##
.......@##....N.#(.##
.......(#.##..##(.##
........(##..)(.###
..........(.(.###
............###
............# ...........##
########.### ###


You could see a naga warrior, 2 naga sharpshooters and a naga (wandering).

Vanquished Creatures
  Kirke (Lair:4)
  A dire elephant (D:14)
  An ettin (Orc:1)
  Snorg (Lair:6)
  A fire dragon (D:14)
  Fannar (D:10)
  A vault guard (D:14)
  A catoblepas (D:14)
  7 hydras
  2 anacondas
  5 two-headed ogres
  4 centaur warriors
  A tengu warrior (D:14)
  4 orc high priests (Orc:2)
  Urug (D:10)
  A wizard (D:14)
  3 unseen horrors
  6 oklob plants (Lair:5)
  4 orc knights (Orc:2)
  2 mana vipers (Snake:1)
  Pikel (D:8)
  A salamander (D:15)
  2 deep elf magi
  3 orc sorcerers
  6 ugly things
  3 cyclopes
  10 elephants
  2 centaur zombies (D:13)
  2 manticores
  4 black mambas (Snake:1)
  9 spiny frogs
  A centaur skeleton (D:15)
  A torpor snail (Lair:6)
  6 komodo dragons
  A kobold demonologist (D:14)
  7 rime drakes
  2 yaktaurs (D:15)
  A gargoyle (D:13)
  A tengu conjurer (D:15)
  A redback zombie (D:14)
  A harpy zombie (D:15)
  A troll (shapeshifter) (D:14)
  4 trolls
  2 hornets (D:9)
  Prince Ribbit (D:8)
  A polar bear (Lair:2)
  11 blink frogs
  7 slime creatures
  8 dream sheep
  A meliai zombie (D:15)
  12 hippogriffs
  Sigmund (D:4)
  A shadow (D:14)
  9 wyverns
  36 yaks
  Eustachio (D:5)
  3 hogs (Lair:4)
  21 humans
  3 hungry ghosts
  A steam dragon (D:15)
  4 basilisks
  9 vampire mosquitoes
  2 wargs (Orc:1)
  3 nagas (Lair:2)
  10 water moccasins
  Duvessa (D:4)
  14 porcupines
  A swamp drake (Lair:3)
  2 slaves (D:8)
  2 phantoms
  37 orc warriors
  3 ice beasts
  A necrophage (D:11)
  6 sky beasts
  5 black bears
  6 centaurs
  9 ogres
  9 crocodiles
  3 big kobolds (D:8)
  24 bullfrogs
  Dowan (D:4)
  A wyvern zombie (D:12)
  A wyvern skeleton (D:14)
  6 scorpions
  12 killer bees
  4 wights (D:12)
  3 howler monkeys (D:13)
  4 crimson imps
  4 jellies
  2 quasits
  10 hounds
  A bullfrog skeleton (D:5)
  33 orc priests
  3 gnoll shamans (D:6)
  5 iguanas
  9 worker ants
  29 orc wizards
  A killer bee zombie (D:9)
  2 hound skeletons
  Robin (D:2)
  35 gnolls
  2 worker ant zombies
  10 adders
  2 shadow imps
  An adder zombie (D:6)
  3 worms (D:3)
  2 dart slugs
  5 leopard geckos
  106 orcs
  10 bats
  3 giant cockroaches
  18 goblins
  10 hobgoblins
  22 jackals
  6 quokkas
  4 ball pythons
  4 frilled lizards
  8 kobolds
  A leopard gecko skeleton (D:6)
  A leopard gecko zombie (D:9)
  A quokka zombie (D:9)
  6 rats
  2 bushes (Lair:6)
  4 plants
786 creatures vanquished.

Vanquished Creatures (collateral kills)
  The ghost of Gall2222 the Slinger, a journeyman HaAE of Okawaru (Lair:2)
  A yaktaur (D:15)
2 creatures vanquished.

Vanquished Creatures (others)
  A manticore (D:12)
  A black bear (D:8)
  2 bushes (Lair:6)
  40 fungi
  14 plants
58 creatures vanquished.

Grand Total: 846 creatures vanquished

Notes
Turn   | Place    | Note
-------+----------+-------------------------------------------
     0 | D:1      | Johnny the Demigod Earth Elementalist began the quest for
                  | the Orb.
     0 | D:1      | Reached XP level 1. HP: 14/14 MP: 5/5
   101 | D:1      | Reached skill level 3 in Earth Magic
   110 | D:1      | Reached XP level 2. HP: 21/22 MP: 0/7
   423 | D:1      | Reached skill level 1 in Fighting
   689 | D:2      | Noticed Robin
   705 | D:1      | Reached XP level 3. HP: 19/28 MP: 1/8
  1548 | D:2      | Reached XP level 4. HP: 32/35 MP: 10/10
  1570 | D:2      | Killed Robin
  1795 | D:2      | Reached skill level 4 in Earth Magic
  2207 | D:3      | Found a radiant altar of Vehumet.
  2542 | D:3      | Found an ornate altar of the Wu Jian Council.
  2542 | D:3      | Found a shimmering blue altar of Sif Muna.
  2641 | D:4      | Noticed an ogre
  2649 | D:4      | Killed an ogre
  2649 | D:4      | Reached XP level 5. HP: 41/41 MP: 7/12
  2759 | D:4      | Found an iron altar of Okawaru.
  2768 | D:4      | Found a burning altar of Makhleb.
  2775 | D:4      | Found a blossoming altar of Fedhas.
  2860 | D:4      | Found a staircase to the Ecumenical Temple.
  2917 | D:4      | Noticed Sigmund
  2926 | D:4      | Killed Sigmund
  2926 | D:4      | Reached skill level 5 in Earth Magic
  2926 | D:4      | Reached XP level 6. HP: 32/50 MP: 9/13
  2956 | D:4      | Noticed Duvessa
  2967 | D:4      | Noticed Dowan
  2990 | D:4      | Killed Duvessa
  2998 | D:4      | Killed Dowan
  3445 | D:4      | Found a shattered altar of Ashenzari.
  3496 | D:5      | Entered Level 5 of the Dungeon
  3505 | D:5      | Reached XP level 7. HP: 51/57 MP: 15/15
  3603 | D:5      | Reached skill level 6 in Earth Magic
  3976 | D:5      | Found an opulent altar of Gozag.
  4120 | D:5      | Noticed Eustachio
  4151 | D:5      | Killed Eustachio
  4151 | D:5      | Reached skill level 7 in Earth Magic
  4151 | D:5      | Reached XP level 8. HP: 40/67 MP: 1/18
  4913 | D:6      | Reached skill level 5 in Spellcasting
  4963 | D:6      | Reached skill level 5 in Fighting
  4964 | D:6      | Reached skill level 8 in Earth Magic
  5101 | D:6      | Learned a level 3 spell: Stone Arrow
  5107 | D:6      | Learned a level 5 spell: Lee's Rapid Deconstruction
  5112 | D:6      | Learned a level 4 spell: Petrify
  5649 | D:6      | Reached XP level 9. HP: 63/74 MP: 20/20
  6080 | D:6      | Noticed a deep elf mage
  6082 | D:6      | Killed a deep elf mage
  6082 | D:6      | Reached skill level 9 in Earth Magic
  6598 | D:7      | Found a glowing silver altar of Zin.
  6874 | D:7      | Found a sacrificial altar of Ru.
  7467 | D:8      | Reached skill level 10 in Earth Magic
  7634 | D:8      | Identified the +8 dagger "Inea" {pierce, rPois Str+2 Int+2}
  7649 | D:8      | Noticed Prince Ribbit
  7651 | D:8      | Killed Prince Ribbit
  7651 | D:8      | Reached XP level 10. HP: 73/84 MP: 0/23
  7750 | D:8      | Found a staircase to the Lair.
  8014 | D:8      | Noticed Pikel
  8026 | D:8      | Killed Pikel
  8268 | D:8      | Noticed a two-headed hydra
  8286 | D:8      | Killed a two-headed hydra
  8286 | D:8      | Reached skill level 11 in Earth Magic
  8326 | D:8      | Got a steaming halberd
  8329 | D:8      | Identified the cursed +3 halberd of Distant Shores {vamp,
                  | rN+ Int+2} (You found it on level 8 of the Dungeon)
  8954 | D:9      | Noticed a four-headed hydra
  8964 | D:9      | Noticed a skeletal warrior
  8965 | D:9      | Noticed a centaur warrior
  8966 | D:9      | Noticed a deep elf mage
  9651 | D:10     | Entered Level 10 of the Dungeon
  9892 | D:10     | Noticed Fannar
  9896 | D:10     | Killed Fannar
  9896 | D:10     | Reached skill level 5 in Dodging
  9896 | D:10     | Reached XP level 11. HP: 86/90 MP: 5/26
 10089 | D:10     | Noticed Urug
 10109 | D:10     | Killed Urug
 10648 | D:11     | Found a staircase to the Orcish Mines.
 10884 | D:11     | Reached skill level 12 in Earth Magic
 11712 | D:11     | Found a portal to a secret trove of treasure.
 11940 | D:12     | Found a flickering gateway to a bazaar.
 11952 | Bazaar   | Entered a bazaar
 11953 | Bazaar   | Found Xiyveth's Book Emporium.
 11960 | Bazaar   | Found Qisume's Antique Armour Boutique.
 11975 | Bazaar   | Found Doecuby's General Store.
 11981 | Bazaar   | Found Vaut Mue's General Store.
 12022 | Bazaar   | Bought a glowing helmet for 142 gold pieces
 12045 | Bazaar   | Bought a scroll of identify for 24 gold pieces
 12045 | Bazaar   | Bought a potion of curing for 36 gold pieces
 12045 | Bazaar   | Bought a potion of curing for 36 gold pieces
 12045 | Bazaar   | Bought 30 stones for 36 gold pieces
 12045 | Bazaar   | Bought 21 stones for 25 gold pieces
 12053 | Bazaar   | Bought a potion of mutation for 128 gold pieces
 12053 | Bazaar   | Bought 21 stones for 33 gold pieces
 12053 | Bazaar   | Bought a potion of berserk rage for 80 gold pieces
 12243 | D:12     | Found Hupruf's Blood Bar.
 12522 | D:12     | Found the +6 lightning scales {run, rElec}
 12522 | D:12     | Found a snail-covered altar of Cheibriados.
 12910 | D:12     | Noticed a centaur warrior
 12913 | D:12     | Killed a centaur warrior
 13172 | D:12     | Killed an unseen horror
 13347 | D:13     | Reached skill level 13 in Earth Magic
 13575 | D:13     | Noticed a centaur warrior
 13578 | D:13     | Killed a centaur warrior
 13707 | D:13     | Reached XP level 12. HP: 97/97 MP: 29/29
 15183 | D:14     | Noticed a catoblepas
 15196 | D:14     | Killed a catoblepas
 15288 | D:14     | Reached skill level 14 in Earth Magic
 15412 | D:14     | Noticed a fire dragon
 15510 | D:14     | Noticed a vault guard
 15720 | Lair:1   | Entered Level 1 of the Lair of Beasts
 16538 | Lair:2   | You fall into a shaft and drop 2 floors!
 16678 | Lair:4   | Noticed Kirke
 16698 | Lair:4   | Killed Kirke
 16823 | Lair:4   | Reached XP level 13. HP: 98/103 MP: 11/31
 16832 | Lair:4   | Reached skill level 10 in Spellcasting
 17966 | Lair:3   | Found a staircase to the Swamp.
 17975 | Lair:3   | Reached skill level 15 in Earth Magic
 18689 | Lair:2   | Found a transporter.
 18702 | Lair:2   | Found a staircase to the Snake Pit.
 19129 | Lair:2   | Noticed Gall2222's ghost (journeyman HaAE)
 19132 | Lair:2   | Found a transporter.
 19427 | Lair:2   | Killed Gall2222's ghost
 21260 | Lair:5   | Found a staircase to the Slime Pits.
 21619 | Lair:6   | Entered Level 6 of the Lair of Beasts
 22260 | Lair:6   | Reached skill level 10 in Dodging
 22505 | Lair:6   | Reached skill level 16 in Earth Magic
 22505 | Lair:6   | Reached XP level 14. HP: 108/111 MP: 31/33
 23069 | Lair:6   | Noticed Snorg
 23074 | Lair:6   | Killed Snorg
 23789 | Lair:6   | Learned a level 2 spell: Blink
 23792 | Lair:6   | Learned a level 2 spell: Sublimation of Blood
 24236 | Orc:1    | Entered Level 1 of the Orcish Mines
 24395 | Orc:1    | Reached skill level 1 in Necromancy
 24692 | Orc:2    | Entered Level 2 of the Orcish Mines
 25858 | Orc:2    | Found a staircase to the Elven Halls.
 27580 | Orc:2    | Found Boocasm's Distillery.
 27583 | Orc:2    | Found Meulow's Magic Scroll Shop.
 27584 | Orc:2    | Found Isiov's Gadget Shop.
 27585 | Orc:2    | Found Qyturor's Distillery.
 27594 | Orc:2    | Bought 2 scrolls of identify for 64 gold pieces
 27594 | Orc:2    | Bought a scroll of teleportation for 48 gold pieces
 27594 | Orc:2    | Bought a scroll of identify for 32 gold pieces
 27594 | Orc:2    | Bought a scroll of blinking for 120 gold pieces
 27594 | Orc:2    | Bought a scroll of fog for 32 gold pieces
 27594 | Orc:2    | Bought a scroll of identify for 32 gold pieces
 27595 | Orc:2    | Identified a scroll of acquirement
 27601 | Orc:2    | Bought a potion of resistance for 140 gold pieces
 27601 | Orc:2    | Bought a potion of mutation for 112 gold pieces
 27601 | Orc:2    | Bought a potion of curing for 42 gold pieces
 27601 | Orc:2    | Bought a potion of lignification for 42 gold pieces
 27601 | Orc:2    | Bought a potion of brilliance for 56 gold pieces
 27601 | Orc:2    | Bought a potion of ambrosia for 112 gold pieces
 27601 | Orc:2    | Bought a potion of curing for 42 gold pieces
 27601 | Orc:2    | Bought a potion of lignification for 42 gold pieces
 27601 | Orc:2    | Bought 2 potions of invisibility for 224 gold pieces
 27601 | Orc:2    | Bought a potion of mutation for 112 gold pieces
 27601 | Orc:2    | Bought a potion of curing for 42 gold pieces
 27602 | Orc:2    | Bought a potion of magic for 112 gold pieces
 27602 | Orc:2    | Bought a potion of haste for 140 gold pieces
 27602 | Orc:2    | Bought a potion of invisibility for 112 gold pieces
 27602 | Orc:2    | Bought a potion of might for 56 gold pieces
 27602 | Orc:2    | Bought a potion of magic for 112 gold pieces
 27606 | Orc:2    | Got a pair of pitted gloves
 27618 | Orc:2    | Identified the +1 pair of gloves of the Untouchables
                  | {rCorr} (You acquired it on level 2 of the Orcish Mines)
 28807 | D:14     | Identified the cursed +0 robe "Natuinta" {-Tele rPois Str-4
                  | Dex+8}
 28882 | D:14     | Found a gate to the Vaults.
 29705 | D:15     | Entered Level 15 of the Dungeon
 30597 | D:15     | Got a faintly glowing cloak
 30608 | D:15     | Identified the +1 cloak of the Constellations {*Contam rF-
                  | Regen+ Int+5} (You found it on level 15 of the Dungeon)
 30714 | D:15     | Reached skill level 17 in Earth Magic
 31301 | D:15     | Reached XP level 15. HP: 73/116 MP: 19/35
 31572 | D:15     | Found a staircase to the Depths.
 31831 | Snake:1  | Entered Level 1 of the Snake Pit
 32033 | Snake:1  | Found a sparkling altar of Nemelex Xobeh.
 32126 | Snake:1  | Shot with an arrow by a naga sharpshooter

Levels and vault maps discovered:
D:1:      psy_arrival_terrarium, layout_basic, minmay_domino_2
D:2:      layout_loops_ring, uniq_robin
D:3:      layout_loops_cross, vehumet_crystals,
          gammafunk_temple_overflow_elements, serial_forest,
          infiniplex_forest_end_double, infiniplex_forest_clump_diagonal,
          infiniplex_forest_lined_corner, infiniplex_forest_diagonal,
          infiniplex_forest_pool, infiniplex_forest_fountain, corexii_shack
D:4:      layout_cave_pools, nicolae_overflow_quartered_altars,
          minmay_temple_entry_antechambers, first_ration,
          hangedman_decor_riveting, minivault_23, kennysheep_generic_room_4,
          uniq_duvessa, uniq_sigmund
D:5:      layout_rooms, nicolae_gozag_seed_capital, uniq_eustachio
D:6:      lemuel_castle_with_subvaults [lemuel_castle_interior_carwin_3],
          layout_rooms, guppyfry_early_elven_hall
D:7:      layout_loops_ring, overflow_temple_1_default,
          nicolae_overflow_crystal_walls
D:8:      layout_basic, due_lair_maze_entry_diamond, hangedman_ranch
          [blue_anna_fruit_fields], grunt_ministairs_4, uniq_pikel,
          uniq_prince_ribbit1
D:9:      layout_roguey, minivault_12
D:10:     layout_irregular_city, uniq_urug, uniq_fannar
D:11:     layout_gridville, orc_0_dummy, enter_trove_6
D:12:     layout_roguey, serial_shops, bzr_firewalk, basic_altar,
          guppyfry_shop_blood
D:13:     layout_basic
D:14:     layout_cave_pods, grunt_vaults_entry_tiered, hangedman_glass_teeth
D:15:     hangedman_depths_entry_try_elsewhere_first, layout_layer_cave,
          chequers_serial_rivers_large_b, corexii_mini_fake_secret_closet
Lair:1:   layout_layer_cave
Lair:2:   layout_cave_shapes, guppyfry_snake_entry_island, gammafunk_ghost_arena
Lair:3:   layout_regular_city, minmay_swamp_entry_reptiles
Lair:4:   layout_concentric_octagons, chequers_serial_rivers_large_a,
          serial_bayou_shore_b, uniq_kirke
Lair:5:   layout_long_grid, minmay_slime_entry_oklob_enclosed, special_room
          [special_room_mythical_zoo], chequers_serial_rivers_small_b,
          minmay_lair_oklob_chamber
Lair:6:   due_jungle_book, layout_cave_pods, grunt_megastairs_5, uniq_snorg
Snake:1:  layout_onion_interference, basic_altar
Orc:1:    layout_caves
Orc:2:    st_orc_pillars, layout_caves, statue_in_the_mist_lemuel

Skill      XL: |  1  2  3  4  5  6  7  8  9 10 11 12 13 14 |
---------------+-------------------------------------------+-----
Earth Magic    | 3 4 5 7 8 10 11 13 14 16 17 | 17.2
Spellcasting   | 2 3 4 5 6 7 8 9 10 11 | 11.8
Fighting       | 1 2 3 4 5 6 |  6.3
Dodging        | 2 5 7 8 10 11 | 11.2
Necromancy     | 4 |  4.3
Stealth        | |  1.7
Transmutations | |  0.8

Action                   |  1- 3 |  4- 6 |  7- 9 | 10-12 | 13-15 || total
-------------------------+-------+-------+-------+-------+-------++-------
Melee: Unarmed           |     9 |       |       |       |       ||     9
       Short sword       |    51 |    94 |   285 |       |       ||   430
       Halberd           |       |       |       |   261 |   198 ||   459
       Dagger            |       |       |       |    27 |       ||    27
Throw: Stone             |       |       |       |       |     1 ||     1
 Cast: Sandblast         |    38 |    25 |    98 |    94 |   273 ||   528
       Lee's Rapid Decon |       |       |    20 |    93 |   178 ||   291
       Stone Arrow       |       |       |     2 |   101 |   202 ||   305
       Petrify           |       |       |       |     5 |    52 ||    57
       Blink             |       |       |       |       |    18 ||    18
       Sublimation of Bl |       |       |       |       |    13 ||    13
Evoke: Wand              |       |       |     5 |    12 |     5 ||    22
       Phial of floods   |       |       |       |       |     2 ||     2
  Use: Scroll            |       |     1 |     4 |     9 |    15 ||    29
       Potion            |       |     3 |       |       |     5 ||     8
 Stab: Sleeping          |     4 |     5 |     4 |    12 |     2 ||    27
       Distracted        |       |     2 |       |       |     1 ||     3
       Paralysed         |       |       |     7 |     3 |     1 ||    11
  Eat: Chunk             |     2 |     6 |    18 |    24 |    37 ||    87
       Ration            |       |       |       |     6 |     6 ||    12
Armor: Robe              |    19 |    19 |    86 |   118 |   124 ||   366
Dodge: Dodged            |    67 |    42 |   236 |   357 |   537 ||  1239

Table legend:
 A = Non-vault XP
 B = Vault XP
 C = Vault XP percentage of total XP
 D = Non-vault monster count
 E = Vault monster count
 F = Vault count percentage of total count
                 A         B        C        D         E       F
            +---------+---------+-------+---------+---------+-------
      Total |   79853 |   46469 |  36.8 |     537 |     243 |  31.2
            +---------+---------+-------+---------+---------+-------
        D:1 |      37 |      13 |  26.0 |      24 |       6 |  20.0
        D:2 |      71 |      29 |  29.0 |      20 |       8 |  28.6
        D:3 |      58 |       2 |   3.3 |      23 |       1 |   4.2
        D:4 |     120 |     533 |  81.6 |       2 |       4 |  66.7
        D:5 |     948 |     203 |  17.6 |      24 |       1 |   4.0
        D:6 |     833 |    1254 |  60.1 |      18 |      51 |  73.9
        D:7 |    1466 |       0 |   0.0 |      31 |       0 |   0.0
        D:8 |    1028 |    4174 |  80.2 |      26 |      21 |  44.7
        D:9 |    1706 |       0 |   0.0 |      22 |       0 |   0.0
       D:10 |     646 |    1836 |  74.0 |      15 |       2 |  11.8
       D:11 |    2212 |       0 |   0.0 |      27 |       0 |   0.0
       D:12 |    4998 |       1 |   0.0 |      25 |       1 |   3.8
       D:13 |    8090 |     192 |   2.3 |      34 |       1 |   2.9
       D:14 |   10132 |    7220 |  41.6 |      29 |      25 |  46.3
       D:15 |    8654 |    1821 |  17.4 |      25 |       3 |  10.7
     Lair:1 |    2216 |       0 |   0.0 |      13 |       0 |   0.0
     Lair:2 |    2553 |    2427 |  48.7 |       9 |       9 |  50.0
     Lair:3 |    4741 |     389 |   7.6 |      13 |       4 |  23.5
     Lair:4 |    4345 |    2722 |  38.5 |       8 |       4 |  33.3
     Lair:5 |    3825 |    8812 |  69.7 |      18 |      26 |  59.1
     Lair:6 |   10682 |    5657 |  34.6 |      42 |      12 |  22.2
    Snake:1 |    2964 |       0 |   0.0 |       6 |       0 |   0.0
      Orc:1 |    3928 |       0 |   0.0 |      27 |       0 |   0.0
      Orc:2 |    3600 |    9184 |  71.8 |      56 |      64 |  53.3
            +---------+---------+-------+---------+---------+-------
